 Dungeon Crawl Stone Soup version 0.28.0-47-ge53b351184 (webtiles) character file.

Game seed: 12146619071306511425

285 KamiKatze the Conjurer (level 6, -28/36 HPs)
             Began as an Octopode Conjurer on Apr 28, 2022.
             Annihilated by an ogre
             ... wielding a +0 giant club
              (34 damage)
             ... on level 3 of the Dungeon on Apr 29, 2022.
             The game lasted 00:12:33 (2475 turns).

KamiKatze the Conjurer (Octopode Conjurer)          Turns: 2475, Time: 00:12:34

Health: -28/36     AC:  1    Str: 12    XL:     6   Next: 29%
Magic:  7/10       EV: 13    Int: 22    God:
Gold:   12         SH:  0    Dex: 11    Spells: 0/11 levels left

rFire   . . .      SeeInvis .   d - +0 spear
rCold   . . .      Faith    .   (no shield)
rNeg    . . .      Spirit   .   (helmet restricted)
rPois   .          Reflect  .   (no amulet)
rElec   .          Harm     .   e - +6 ring of strength
rCorr   .          Rampage  .   (no ring)
Will    .....                   (no ring)
Stlth   +++.......              (no ring)
HPRegen 0.12/turn               (no ring)
MPRegen 0.12/turn               (no ring)
                                (no ring)
                                (no ring)

@: no status effects
A: almost no armour, amphibious, 8 rings, camouflage 1, gelatinous body 1,
(nimble swimmer 1), tentacles
a: no special abilities


You were on level 3 of the Dungeon.
You visited 1 branch of the dungeon, and saw 3 of its levels.

You collected 12 gold pieces.

Inventory:

Hand Weapons
 d - a +0 spear (weapon)
Missiles
 f - 107 stones (quivered)
Jewellery
 e - a +6 ring of strength (left tentacle)
Scrolls
 a - 2 scrolls of identify {unknown}
 c - a scroll of teleportation {unknown}
 h - a scroll of brand weapon {unknown}
 j - a scroll of vulnerability {unknown}
 k - a scroll of enchant weapon {unknown}
 l - a scroll of magic mapping {unknown}
 m - a scroll of acquirement {unknown}
Potions
 b - a potion of invisibility {unknown}
 g - a potion of might {unknown}
 i - a potion of resistance {unknown}


   Skills:
 + Level 2.7 Dodging
 - Level 3.0 Stealth
 * Level 3.2 Spellcasting
 * Level 4.9 Conjurations
 * Level 2.5 Hexes
 * Level 2.5 Translocations


You couldn't memorise any spells.
You knew the following spells:

 Your Spells              Type           Power      Damage    Failure   Level
a - Magic Dart            Conj           100%       1d8       1%          1
b - Searing Ray           Conj           50%        2d6       2%          2
c - Fulminant Prism       Conj/Hex       10%        3d9       26%         4
d - Iskenderun's Mystic   Conj/Tloc      20%        2d6       26%         4

Your spell library contained the following spells:

 Spells                   Type           Power      Damage    Failure   Level
 Dazzling Flash           Conj/Hex       40%        N/A       8%          3


Dungeon Overview and Level Annotations

Branches:
Dungeon (3/15)

Altars:
Cheibriados
Uskayaw
Wu Jian


Innate Abilities, Weirdness & Mutations

You cannot wear most types of armour.
You are amphibious.
You can wear up to eight rings at the same time.
Your skin changes colour to match your surroundings (Stealth+).
Your rubbery body absorbs attacks. (AC +1, EV +1)
((You are camouflaged when in or above water. (Stealth+)))
You have tentacles for arms and can constrict up to eight enemies at once.


Message History

An endoplasm comes into view.
Found a hide-covered altar of Uskayaw.
There is an open gate here.
The endoplasm quivers.
There is an open gate here.
You hit the endoplasm.
You squeeze the endoplasm, but do no damage.
The endoplasm is heavily wounded.
The endoplasm freezes you.
You are frozen.
You hit the endoplasm.
You kill the endoplasm!
No target in view!
There is an open gate here.
Magic restored.
f - 107 stones (gained 14) HP restored.
You now have 12 gold pieces.
You open the large door.
An ogre comes into view. It is wielding a +0 giant club.
You reach to attack!
The helpless ogre fails to defend itself.
You hit the ogre.
The ogre is lightly wounded.
Casting: Magic Dart (safe; 1% risk of failure)
Confirm with . or Enter, or press ? or * to list all spells.
Aiming: Searing Ray (safe; 2% risk of failure)
Press: ? - help, Shift-Dir - straight line, f/p - ogre
Aim: an ogre, wielding a +0 giant club (lightly wounded, 90% to hit)
The searing ray hits the ogre!
The ogre is heavily wounded. (Press . to maintain the ray.)
The ogre hits you with a +0 giant club!!
Ouch! That really hurt!
* * * LOW HITPOINT WARNING * * *
The searing ray hits the ogre!
The ogre is almost dead.
The ogre hits you with a +0 giant club!!
Ouch! That really hurt!
You die...

#.# #####..#.#
##.##. #.#
#..#.###...#.
#.#
#........_...
#.#
##.###.#...##
#.# #.#
#.##.## #.#
#.# #....#
#.#### #.#
####.###
#######....###
#.# #....
#.......##@..#
#.# #...##.
#.#########O'#
### #...##.
..≈≈≈ #.#.#.#.
....≈≈##.##.
#.. .....≈≈##
.. ... ......≈
##.##.#
....... #. .#
≈≈≈≈... #


You could see an ogre.

Vanquished Creatures
  Sigmund (D:2)
  An iguana (D:2)
  An adder (D:3)
  A gnoll (D:1)
  An adder skeleton (D:2)
  A dart slug (D:2)
  6 bats
  6 endoplasms
  A giant cockroach (D:1)
  8 goblins
  3 hobgoblins
  8 jackals
  3 quokkas (D:1)
  3 ball pythons
  4 frilled lizards
  11 kobolds
  9 rats
68 creatures vanquished.

Vanquished Creatures (others)
  10 plants (D:1)
10 creatures vanquished.

Grand Total: 78 creatures vanquished

Notes
Turn   | Place    | Note
-------+----------+-------------------------------------------
     0 | D:1      | KamiKatze the Octopode Conjurer began the quest for the
                  | Orb.
     0 | D:1      | Reached XP level 1. HP: 11/11 MP: 3/3
   147 | D:1      | Reached XP level 2. HP: 14/17 MP: 0/5
   150 | D:1      | Learned a level 2 spell: Searing Ray
   458 | D:1      | Reached XP level 3. HP: 21/21 MP: 1/6
   600 | D:1      | Found a faded altar of an unknown god.
   600 | D:1      | Noticed a hell beast
   630 | D:1      | Reached skill level 1 in Hexes
   630 | D:1      | Reached skill level 1 in Translocations
  1164 | D:2      | Reached XP level 4. HP: 23/27 MP: 0/7
  1205 | D:2      | Learned a level 4 spell: Fulminant Prism
  1298 | D:2      | Noticed Sigmund
  1341 | D:2      | Killed Sigmund
  1342 | D:2      | Reached XP level 5. HP: 7/31 MP: 1/9
  1342 | D:2      | Reached XP level 6. HP: 9/36 MP: 1/10
  1781 | D:2      | Learned a level 4 spell: Iskenderun's Mystic Blast
  1803 | D:2      | Found an ornate altar of the Wu Jian Council.
  2282 | D:3      | Found a snail-covered altar of Cheibriados.
  2387 | D:3      | Found a hide-covered altar of Uskayaw.
  2475 | D:3      | Annihilated by an ogre

Illustrated notes

Levels and vault maps discovered:
D:1:      grunt_arrival_crossed_arrows, layout_basic,
          dreamdust_ecumenical_altar_sealed_demon,
          ebering_dispersal_statue_hall, minivault_14, lexackson_kobold_supper
D:2:      layout_loops_ring, basic_altar, uniq_sigmund
D:3:      layout_loops_ring, mainiacjoe_overflow_alcove_4,
          lemuel_blue_sif_altar, nicolae_overflow_crystal_walls,
          gammafunk_ghost_cemetery, eino_curves_01, kennysheep_big_empty_room

Skill      XL: |  1  2  3  4 |
---------------+-------------+-----
Stealth        | 3 |  3.0
Hexes          | 1 2 |  2.5
Translocations | 1 2 |  2.5
Spellcasting   | 3 |  3.2
Dodging        | |  2.7
Conjurations   | |  4.9

Action                   |  1- 3 |  4- 6 || total
-------------------------+-------+-------++-------
Melee: Unarmed           |     5 |       ||     5
       Constrict         |     2 |     8 ||    10
       Spear             |     3 |    36 ||    39
       Tentacles         |     1 |    10 ||    11
       Punch             |     1 |     1 ||     2
 Cast: Magic Dart        |    51 |    23 ||    74
       Searing Ray       |     7 |     4 ||    11
 Stab: Sleeping          |       |     2 ||     2
Armor: Skin              |     2 |     4 ||     6
Dodge: Dodged            |    19 |    25 ||    44
